 Dungeon Crawl Stone Soup version 0.17-a0-1621-gfc7a675 (webtiles) character file.

1677 Oddball22 the Geomancer (level 9, -2/49 HPs)
             Began as a Gargoyle Earth Elementalist on Aug 2, 2015.
             Slain by a yak (7 damage)
             ... on level 9 of the Dungeon.
             The game lasted 00:25:48 (7996 turns).

Oddball22 the Geomancer (GrEE)                      Turns: 7996, Time: 00:25:48

Health: -2/49      AC: 16    Str: 15    XL:     9   Next: 1%
Magic:  7/24       EV:  6    Int: 16    God:
Gold:   282        SH:  0    Dex: 10    Spells: 5 memorised, 3 levels left

rFire  + + .     SeeInvis .     I - +1 mace (venom)
rCold  . . .     Clarity  .     E - +1 leather armour {rF+}
rNeg   + . .     SustAt   .     (no shield)
rPois  ∞         Gourm    .     u - +0 helmet
rElec  +         Spirit   .     A - +0 cloak
rCorr  .         Warding  .     m - +0 pair of gloves
rMut   .         Stasis   .     (no boots)
MR     .....                    (no amulet)
Stlth  ++........               y - ring of magical power
                                q - ring of protection from fire

@: stone skin, flying, not resistant to hostile enchantments, unstealthy
A: negative energy resistance 1, electricity resistance, unbreathing,
petrification resistance, rot immunity, AC +5
a: no special abilities


You were on level 9 of the Dungeon.
You were hungry.

You visited 2 branches of the dungeon, and saw 9 of its levels.

You collected 282 gold pieces.

Inventory:

Hand weapons
 I - a +1 mace of venom (weapon)
Missiles
 a - 208 stones (quivered)
 f - 70 bolts
 r - 27 bolts of frost
Armour
 b - a +0 robe
 m - a +0 pair of gloves (worn)
 u - a +0 helmet (worn)
 A - a +0 cloak (worn)
 E - a +1 leather armour of fire resistance (worn)
Jewellery
 q - a ring of protection from fire (left hand)
 w - an uncursed ring of protection from fire
 y - a ring of magical power (right hand)
 H - an uncursed ring of protection from cold
Magical devices
 J - a wand of frost (30)
Scrolls
 e - 2 scrolls of enchant weapon {unknown}
 h - 3 scrolls of remove curse
 k - 2 scrolls of enchant armour {unknown}
 p - 4 scrolls of identify {unknown}
 z - a scroll of magic mapping {unknown}
 B - 2 scrolls of teleportation {unknown}
 F - a scroll of fear {unknown}
 G - a scroll of holy word {unknown}
 L - a scroll of noise {unknown}
Potions
 g - 3 potions of agility {unknown}
 j - 3 potions of degeneration {unknown}
 l - a potion of mutation {unknown}
 o - a potion of brilliance {unknown}
 s - 3 potions of flight
 t - a potion of invisibility {unknown}
 v - a potion of might {unknown}
 x - 4 potions of lignification {unknown}
 C - a potion of berserk rage {unknown}
 K - a potion of haste {unknown}
Books
 c - a book of Geomancy

   Spells                             Type                      Level
   a - Sandblast                      Earth                        1
   b - Stoneskin                      Transmutation/Earth          2
   c - Passwall                       Transmutation/Earth          3
   d - Stone Arrow                    Conjuration/Earth            3
   e - Petrify                        Transmutation/Earth          4
   f - Lee's Rapid Deconstruction     Earth                        5
Comestibles
 d - 5 bread rations
 i - 3 fruits
 n - 2 meat rations


   Skills:
 - Level 2.5 Fighting
 - Level 2.5 Armour
 - Level 1.5 Dodging
 - Level 2.1 Stealth
 - Level 4.4 Spellcasting
 - Level 6.1 Conjurations
 + Level 3.2 Transmutations
 * Level 8.5 Earth Magic


You had 3 spell levels left.
You knew the following spells:

 Your Spells              Type           Power        Failure   Level  Hunger
a - Sandblast             Erth           ####..       1%          1    None
b - Stoneskin             Trmt/Erth      ###.....     3%          2    ##.....
c - Passwall              Trmt/Erth      ###.......   8%          3    ###....
d - Stone Arrow           Conj/Erth      ####..       3%          3    ###....
e - Petrify               Trmt/Erth      ###.....     21%         4    ####...


Dungeon Overview and Level Annotations

Branches:
Dungeon (9/15)             Temple (1/1) D:6
   Lair: D:8-11         Orc: D:9-12

Altars:
Ashenzari
Cheibriados
Dithmenos
Elyvilon
Gozag
Kikubaaqudgha
Okawaru
Qazlal
Ru
Trog
Vehumet
Xom
Yredelemnul
Zin
The Shining One
Jiyva


Innate Abilities, Weirdness & Mutations

You are resistant to torment.
Your stone body is resilient (AC +5).
You are immune to poison.
You resist negative energy.
You are resistant to electric shocks.
You can survive without breathing.
You are immune to petrification.
You are immune to rotting.


Message History

Aiming: Stone Arrow
Press: ? - help, Shift-Dir - straight line, f/p - yak
Aim: a yak (almost dead, poisoned)
The stone arrow hits the yak.
The yak is almost dead.
You kill the yak!
Your Transmutations skill increases to level 3!
You have reached level 9!
Your experience leads to an increase in your attributes!
Increase (S)trength, (I)ntelligence, or (D)exterity?
You feel stronger. The yak gores you but does no damage.
Drink which item? (? for menu, Esc to quit)
It was a potion of flight.
You feel very buoyant.
You fly up into the air.
The yak looks more healthy.
The yak barely misses you. The yak closely misses you.
There is a stone staircase leading down here.
The yak gores you!
You die...

#..................
#..................
#..........########
#.[........###
#..............
#.....#############
#...#Y#............
#..Y#Y#............
#.@.#†#............
########..Y#.#............
.............###..##+##..#
........########..#≈≈≈#..#
..<.....#.........+≈≈≈+...
........#.........#≈≈≈#...
.#......####'#######'####.
.................###.####.
########.........#.....##.


You could see 2 yaks.

Vanquished Creatures
  Sigmund (D:6)
  2 yaks (D:9)
  A water moccasin (D:9)
  A phantom (D:5)
  A giant frog (D:6)
  4 killer bees (D:8)
  A scorpion (D:4)
  2 crimson imps
  4 jellies
  A centaur skeleton (D:3)
  3 iguanas
  2 hounds
  3 orc wizards
  Natasha (thrice) (D:3)
  2 worker ants
  A hound skeleton (D:6)
  7 adders
  2 shadow imps (D:5)
  3 oozes
  An adder skeleton (D:3)
  3 worms
  10 giant geckos
  17 orcs
  7 bats
  9 goblins
  12 hobgoblins
  10 kobolds
  3 quokkas
  A ball python (D:4)
  A ball python zombie (D:3)
  5 giant cockroaches
  A giant gecko zombie (D:3)
  8 giant newts
  A quokka skeleton (D:3)
  7 rats
140 creatures vanquished.

Vanquished Creatures (others)
  A quokka (D:3)
1 creature vanquished.

Grand Total: 141 creatures vanquished

Notes
Turn   | Place    | Note
--------------------------------------------------------------
     0 | D:1      | Oddball22 the Gargoyle Earth Elementalist began the quest for the Orb.
     0 | D:1      | Reached XP level 1. HP: 10/10 MP: 3/3
   490 | D:1      | Reached skill level 1 in Armour
   490 | D:1      | Reached XP level 2. HP: 16/16 MP: 0/5
   967 | D:1      | Reached skill level 1 in Fighting
  1253 | D:1      | Reached skill level 4 in Earth Magic
  1350 | D:2      | Learned a level 2 spell: Stoneskin
  1359 | D:2      | Reached XP level 3. HP: 20/20 MP: 2/6
  1405 | D:2      | Learned a level 3 spell: Passwall
  1830 | D:2      | Found a bloodstained altar of Trog.
  2550 | D:3      | Reached XP level 4. HP: 26/26 MP: 4/7
  2738 | D:3      | Reached skill level 5 in Earth Magic
  2948 | D:3      | Noticed Natasha
  2957 | D:3      | Killed Natasha
  2957 | D:3      | Reached XP level 5. HP: 8/31 MP: 0/8
  3167 | D:3      | Found a white marble altar of Elyvilon.
  3545 | D:3      | Reached skill level 1 in Transmutations
  3836 | D:3      | Noticed Natasha
  3844 | D:3      | Killed Natasha
  4171 | D:4      | Reached XP level 6. HP: 34/36 MP: 0/9
  4338 | D:3      | Noticed Natasha
  4342 | D:3      | Killed Natasha
  4342 | D:3      | Reached skill level 6 in Earth Magic
  5072 | D:4      | Learned a level 3 spell: Stone Arrow
  5857 | D:5      | Entered Level 5 of the Dungeon
  5874 | D:5      | Reached skill level 1 in Conjurations
  5874 | D:5      | Reached XP level 7. HP: 40/40 MP: 11/11
  5976 | D:5      | Found a glowing silver altar of Zin.
  6720 | D:6      | Noticed Sigmund
  6734 | D:6      | Killed Sigmund
  6877 | D:6      | Found a staircase to the Ecumenical Temple.
  6897 | Temple   | Entered the Ecumenical Temple
  7009 | D:6      | Reached XP level 8. HP: 45/45 MP: 13/13
  7018 | D:6      | Learned a level 4 spell: Petrify
  7084 | D:6      | Reached skill level 5 in Conjurations
  7177 | D:6      | You fall through a shaft for 3 floors!
  7740 | D:9      | Found a viscous altar of Jiyva.
  7782 | D:9      | Reached skill level 7 in Earth Magic
  7982 | D:9      | Reached skill level 8 in Earth Magic
  7991 | D:9      | Reached XP level 9. HP: 4/49 MP: 7/15
  7996 | D:9      | Slain by a yak

Vault maps used:
D:1:      tarquinn_simple_flora_water_c
D:2:      lightli_temple_of_fire, grunt_ministairs_11
D:3:      elyvilon_altar_4, serial_undead, serial_undead_a, serial_undead_e,
          serial_undead_a, serial_undead_d, portal_sewer_entry_d, uniq_natasha
D:5:      zin_treasury, first_bread, moated_statue
D:6:      fedhas_altar_fruit_tree, lemuel_round_altar,
          overflow_temple_1_default, minmay_temple_entry_hall, uniq_sigmund
D:8:      overflow_temple_1_default, lair_0_dummy, moated_statue, uniq_erica
D:9:      the_bakery, minmay_liquid_box, jiyva_altar_1
Temple:   circular_temple_12

Action                   |  1- 3 |  4- 6 |  7- 9 || total
-------------------------+-------+-------+-------++-------
Melee: Unarmed           |     5 |       |       ||     5
       Club              |     1 |    29 |       ||    30
       Halberd           |    41 |   125 |       ||   166
       Dagger            |       |    11 |       ||    11
       Mace              |       |    10 |   124 ||   134
 Cast: Sandblast         |    64 |   100 |     2 ||   166
       Stoneskin         |     1 |     7 |     4 ||    12
       Stone Arrow       |       |       |    38 ||    38
  Use: Scroll            |       |     1 |       ||     1
       Potion            |       |       |     1 ||     1
 Stab: Sleeping          |     2 |     2 |     2 ||     6
  Eat: Chunk             |     6 |    13 |     6 ||    25
       Beef jerky        |       |       |     1 ||     1
       Pizza             |       |       |     2 ||     2
